 Dungeon Crawl Stone Soup version 0.31.0-11-ge490571c62 (webtiles) character file.

Game seed: 1187027199867878964

137 qw the Skirmisher (level 5, -2/29 HPs)
             Began as a Deep Elf Hunter on Feb 4, 2024.
             Succumbed to an orc wizard's poison
             ... on level 4 of the Dungeon.
             The game lasted 00:00:37 (2274 turns).

qw the Skirmisher (Deep Elf Hunter)                 Turns: 2274, Time: 00:00:37

Health: -2/29      AC: 13    Str: 10    XL:     5   Next: 0%
Magic:  5/7        EV: 11    Int: 14    God:
Gold:   173        SH:  0    Dex: 18    Spells: 4/4 levels left

rFire   . . .        a - +1 shortbow
rCold   . . .        (shield currently unavailable)
rNeg    . . .        m - +0 ring mail
rPois   .            o - +0 helmet
rElec   .            h - +0 cloak
rCorr   .            b - +0 pair of gloves of Baldness {Stlth+}
SInv    .            e - +0 pair of boots
Will    .....        f - amulet of guardian spirit
Stlth   ++           i - +4 ring of protection
HPRegen 0.24/turn    (no ring)
MPRegen 0.10/turn

%: guardian spirit
@: lethally poisoned (-2 -> -18)
A: no striking features
a: no special abilities


You were on level 4 of the Dungeon.
You visited 1 branch of the dungeon, and saw 4 of its levels.

You collected 224 gold pieces.
You spent 51 gold pieces at shops.


   Skills:
 - Level 1.5 Fighting
 + Level 8.1 Ranged Weapons
 - Level 1.0 Armour
 - Level 2.4 Dodging
 - Level 1.2 Stealth


You had 4 spell levels left.
You didn't know any spells.
Your spell library was empty.

Inventory:

Hand Weapons
 a - a +1 shortbow (weapon)
Armour
 b - the +0 pair of gloves of Baldness (worn) {Stlth+}
   (You acquired it on level 2 of the Dungeon)

   Stlth+:    It makes you more stealthy.
 e - a +0 pair of boots (worn)
 h - a +0 cloak (worn)
 m - a +0 ring mail (worn)
 o - a +0 helmet (worn)
Jewellery
 f - an amulet of guardian spirit (around neck)
 i - a +4 ring of protection (left hand)
Scrolls
 p - a scroll of teleportation
Potions
 d - a potion of resistance
 g - a potion of enlightenment
 j - a potion of might
 k - a potion of berserk rage {unknown}

Dungeon Overview and Level Annotations

Branches:
Dungeon (4/15)
 Temple: D:4-7

Altars:
Vehumet
Wu Jian

Shops:
D:1 [*

Annotations:
D:3 1 runed translucent door, qw's ghost, amateur DEHu


Message History

You kill the orc priest!
Your Ranged Weapons skill increases to level 8!
You shoot an arrow. You shoot an arrow. The arrow hits the orc.
The orc is moderately wounded.
The orc misses you.
You shoot an arrow. The arrow hits the orc.
The orc is severely wounded.
The orc closely misses you.
You shoot an arrow. The arrow hits the orc.
You kill the orc!
You have reached level 5!
You shoot an arrow. You shoot an arrow. You shoot an arrow. Something hits you.
You are poisoned.
Something hits you but does no damage.
You are more poisoned.
You shoot an arrow.
You feel very sick. Something hits you but does no damage.
You are more poisoned.
You shoot an arrow.
You feel very sick. Something hits you but does no damage.
You are lethally poisoned!
You shoot an arrow.
You hear the slow rusting of a distant drain.
You feel very sick. Something hits you.
You shoot an arrow.
You feel very sick. Something hits you but does no damage.
You are more poisoned.
You shoot an arrow.
You feel very sick. Something barely misses you.
You shoot an arrow.
You die...

.. ######### #.#
#.......# #.#
#.#####.#
#.########.# #.#
........##.#####.#
...####........#.#
....######.###.#(#
.....# #.# #.#
....## #.# #@#
.#.## #....){.#
.#.# #.###.###
##.# #.# #. #+#
... #


There were no monsters in sight!

Vanquished Creatures
  An orc priest (D:4)
  2 gnolls (D:1)
  3 adders
  3 dart slugs
  3 orcs (D:4)
  7 ball pythons
  4 bats
  An endoplasm (D:1)
  3 giant cockroaches
  3 goblins
  8 hobgoblins
  4 jackals (D:1)
  3 frilled lizards (D:1)
  5 kobolds (D:1)
  3 rats (D:1)
53 creatures vanquished.

Notes
Turn   | Place    | Note
-------+----------+-------------------------------------------
     0 | D:1      | qw the Deep Elf Hunter began the quest for the Orb.
     0 | D:1      | Reached XP level 1. HP: 12/12 MP: 3/3
     0 | D:1      | 0 ||| qw: Version: 0.3-a-160-g6735b56
     0 | D:1      | 0 ||| qw: Game counter: 5859
     0 | D:1      | 0 ||| qw: Melee chars always use a shield: true
     0 | D:1      | 0 ||| qw: God list: Okawaru
     0 | D:1      | 0 ||| qw: Allow faded altars: false
     0 | D:1      | 0 ||| qw: Do Orc after clearing Dungeon:15 true
     0 | D:1      | 0 ||| qw: Do second Lair branch before Depths: true
     0 | D:1      | 0 ||| qw: Lair rune preference: random
     0 | D:1      | 0 ||| qw: Goals: Normal
     0 | D:1      | 0 ||| PLANNING D:1-11
    30 | D:1      | Reached skill level 6 in Ranged Weapons
    30 | D:1      | Reached XP level 2. HP: 9/16 MP: 4/4
    85 | D:1      | HP: 1/16 [gnoll/+0 whip (7)]
   174 | D:1      | Reached XP level 3. HP: 20/20 MP: 5/5
   202 | D:1      | Found Huixkuf's Armour Shop.
   217 | D:1      | 217 ||| SHOPLISTING +1 leather armour of poison resistance
                  | (132 gold, have 18).
   217 | D:1      | 217 ||| SHOPLISTING +2 helmet of see invisible (258 gold,
                  | have 18).
   217 | D:1      | 217 ||| SHOPLISTING +2 leather armour of fire resistance
                  | (228 gold, have 18).
   217 | D:1      | 217 ||| SHOPLISTING +3 leather armour (228 gold, have 18).
   529 | D:1      | Reached skill level 7 in Ranged Weapons
   931 | D:1      | Found Legimo Sauno's Assorted Antiques.
   942 | D:1      | 942 ||| BUYING metallic brown potion (24 gold).
   942 | D:1      | Bought a metallic brown potion for 24 gold pieces
   942 | D:1      | 942 ||| BUYING scroll labelled BAHUHULOAH (27 gold).
   942 | D:1      | Bought a scroll labelled BAHUHULOAH for 27 gold pieces
   983 | D:1      | 983 ||| UPGRADING to +0 pair of boots.
   988 | D:1      | 988 ||| UPGRADING to amulet of guardian spirit.
   993 | D:1      | 993 ||| UPGRADING to +4 ring of protection.
   994 | D:1      | 994 ||| READING scroll labelled CIDAVI VAAHOA.
  1095 | D:1      | 1095 ||| READING scroll labelled ENAEMEIBAP.
  1100 | D:1      | 1100 ||| READING scroll labelled BEMOIC JUFEDAYFI.
  1100 | D:1      | 1100 ||| IDENTIFYING smoky silvery potion
  1101 | D:1      | 1101 ||| READING scroll labelled BAHUHULOAH.
  1102 | D:1      | 1102 ||| DROPPING scroll of butterflies.
  1103 | D:1      | 1103 ||| DROPPING potion of ambrosia.
  1175 | D:2      | Reached XP level 4. HP: 25/25 MP: 6/6
  1225 | D:2      | Found an ornate altar of the Wu Jian Council.
  1738 | D:2      | 1738 ||| UPGRADING to +0 cloak.
  1743 | D:2      | 1743 ||| UPGRADING to +0 scale mail.
  1753 | D:2      | 1753 ||| DROPPING +0 leather armour.
  1754 | D:2      | 1754 ||| READING scroll labelled KEOTONI JUMEX.
  1754 | D:2      | Identified a scroll of acquirement
  1754 | D:2      | 1754 ||| ACQUIRING +0 pair of gloves of Baldness {Stlth+}
  1754 | D:2      | Acquired the +0 pair of gloves of Baldness {Stlth+}
  1756 | D:2      | 1756 ||| UPGRADING to +0 pair of gloves of Baldness
                  | {Stlth+}.
  1761 | D:2      | 1761 ||| READING scroll labelled YTHRUQ FOUNE.
  1762 | D:2      | 1762 ||| READING scroll labelled KOTEAN VECVOBI.
  1762 | D:2      | 1762 ||| ENCHANTING +0 shortbow.
  1839 | D:3      | Found a radiant altar of Vehumet.
  2092 | D:3      | Found a runed translucent door.
  2093 | D:3      | Noticed qw's ghost (amateur DEHu)
  2180 | D:3      | 2180 ||| UPGRADING to +0 ring mail.
  2190 | D:3      | 2190 ||| DROPPING +0 scale mail.
  2191 | D:3      | 2191 ||| UPGRADING to +0 helmet.
  2196 | D:3      | 2196 ||| READING 2 scrolls of identify.
  2196 | D:3      | 2196 ||| IDENTIFYING fizzy yellow potion
  2197 | D:3      | 2197 ||| READING scroll of identify.
  2197 | D:3      | 2197 ||| IDENTIFYING blue potion
  2198 | D:3      | 2198 ||| READING scroll labelled OSA CIRCHIY.
  2199 | D:3      | 2199 ||| DRINKING 2 black potions.
  2225 | D:4      | 2225 ||| PLANNING SEWER
  2251 | D:4      | Reached skill level 1 in Armour
  2262 | D:4      | Reached skill level 8 in Ranged Weapons
  2266 | D:4      | Reached XP level 5. HP: 29/29 MP: 7/7
  2273 | D:4      | HP: 2/29 [poisoned by an orc wizard]
  2274 | D:4      | Succumbed to an orc wizard's poison

Levels and vault maps discovered:
D:1:      mainiacjoe_arrival_reflecting_pool, layout_basic, serial_shops,
          nicolae_shop_statue_plus, nicolae_shop_overgrown_old_shop,
          minmay_unequal
D:2:      layout_loops_ring, basic_altar
D:3:      layout_rooms, nicolae_vehumet_altar_sigil,
          ebering_ghost_reflecting_pool, grunt_ministairs_7
D:4:      layout_loops_corners, mainiacjoe_overflow_24_doors,
          mainiacjoe_overflow_tiny_flanked, minmay_temple_entry_sparse_star,
          mainiacjoe_sewer_entry_somewhere_in_here_2

Skill      XL: |  1  2  3  4 |
---------------+-------------+-----
Ranged Weapons | 6 7 8 |  8.1
Armour         | 1 |  1.0
Fighting       | |  1.5
Dodging        | |  2.4
Stealth        | |  1.2

Action                     |  1- 3 |  4- 6 || total
---------------------------+-------+-------++-------
   Fire: Shortbow          |    78 |    57 ||   135
    Use: Scroll            |     4 |     6 ||    10
         Potion            |       |     1 ||     1
 Armour: Leather armour    |     8 |     3 ||    11
         Scale mail        |       |     1 ||     1
         Ring mail         |       |     6 ||     6
  Dodge: Dodged            |    17 |    12 ||    29

Table legend:
 A = Non-vault XP
 B = Vault XP
 C = Vault XP percentage of total XP
 D = Non-vault monster count
 E = Vault monster count
 F = Vault count percentage of total count
                 A         B        C        D         E       F
            +---------+---------+-------+---------+---------+-------
      Total |     187 |      10 |   5.1 |      49 |       4 |   7.5
            +---------+---------+-------+---------+---------+-------
        D:1 |      67 |       4 |   5.6 |      26 |       2 |   7.1
        D:2 |      51 |       0 |   0.0 |      15 |       0 |   0.0
        D:3 |      19 |       6 |  24.0 |       4 |       2 |  33.3
        D:4 |      50 |       0 |   0.0 |       4 |       0 |   0.0
            +---------+---------+-------+---------+---------+-------
